 Dungeon Crawl Stone Soup version 0.22-a0-445-g8c8ef71 (webtiles) character file.

205 riteheju the Slasher (level 5, -4/47 HPs)
             Began as a Minotaur Fighter on June 2, 2018.
             Killed by divine providence
             ... invoked by an orc priest
              (11 damage)
             ... on level 3 of the Dungeon.
             The game lasted 00:13:08 (1817 turns).

riteheju the Slasher (Minotaur Fighter)             Turns: 1817, Time: 00:13:08

Health: -4/47      AC:  7    Str: 21    XL:     5   Next: 52%
Magic:  4/4        EV:  8    Int:  5    God:
Gold:   147        SH:  9    Dex: 10    Spells: 4/4 levels left

rFire    . . .     SeeInvis .   a - +0 long sword
rCold    + . .     Gourm    .   c - +0 shield
rNeg     . . .     Faith    .   b - +0 scale mail
rPois    .         Spirit   .   (helmet restricted)
rElec    .         Reflect  .   (no cloak)
rCorr    .         Harm     .   (no gloves)
MR       .....                  (no boots)
Stlth    ..........             (no amulet)
HPRegen  0.15/turn              k - ring of protection from cold
MPRegen  0.09/turn              (no ring)

@: no status effects
A: retaliatory headbutt, horns 2
a: no special abilities


You were on level 3 of the Dungeon.
You were not hungry.

You visited 1 branch of the dungeon, and saw 3 of its levels.

You collected 147 gold pieces.

Inventory:

Hand Weapons
 a - a +0 long sword (weapon)
 m - a +0 hunting sling
 p - a +0 flail of holy wrath
 r - a +1 quarterstaff of draining
Armour
 b - a +0 scale mail (worn)
 c - a +0 shield (worn)
Jewellery
 k - a ring of protection from cold (left hand)
Scrolls
 e - a scroll of immolation {unknown}
 g - a scroll of enchant weapon {unknown}
 i - a scroll of blinking {unknown}
 j - 4 scrolls of identify {unknown}
 l - 4 scrolls of magic mapping {unknown}
 o - a scroll of remove curse {unknown}
Potions
 d - a potion of might
 h - a potion of heal wounds {unknown}
 n - a potion of flight {unknown}
 s - a potion of curing {unknown}
 t - a potion of haste {unknown}
Comestibles
 f - 3 rations
 q - 11 chunks of flesh


   Skills:
 + Level 4.4 Fighting
 * Level 4.8 Long Blades
 + Level 4.8 Armour
 + Level 0.8 Dodging
 * Level 4.6 Shields


You had 4 spell levels left.
You didn't know any spells.
Your spell library was empty.

Dungeon Overview and Level Annotations

Branches:
Dungeon (3/15)

Altars:


Innate Abilities, Weirdness & Mutations

You reflexively headbutt those who attack you in melee.
You have a pair of horns on your head.


Message History

An orc comes into view. It is wielding a hand axe of pain.
You block the frilled lizard's attack.
The orc priest hits you from afar with a trident.
The orc priest invokes the aid of Beogh against you.
Beogh smites you!
The orc priest mumbles some strange prayers to Beogh against you.
Beogh smites you!
* * * LOW HITPOINT WARNING * * *
You hear a shout!
You hit the frilled lizard but do no damage.
You kill the frilled lizard!
The orc priest looks encouraged for a moment.
You see here a kobold corpse.
Some of the chunks of flesh in your inventory have rotted away.
The orc priest calls down the wrath of Beogh upon you.
Beogh smites you!
* * * LOW HITPOINT WARNING * * *
The orc priest mumbles some strange prayers to Beogh against you.
Beogh smites you!
You die...

#.o......#
#.o......#
#........#
#........#
#...o....# ####
#.##.#######...#
#.##.#.........#
#.##.#.........#
#....@......)#
........#.......#
#.
####.####.......#
#. #. #.......#
## # ####.####
#.# #### #.# #...
#.# #.## #.# #.#


You could see an orc priest and an orc.

Vanquished Creatures
  Terence (D:2)
  Robin (D:2)
  5 adders
  A gnoll (D:1)
  4 oozes
  4 dart slugs
  3 leopard geckos
  An orc (D:3)
  A giant cockroach (D:1)
  22 goblins
  6 hobgoblins
  10 jackals
  3 quokkas
  2 ball pythons
  6 bats
  7 frilled lizards
  3 kobolds
  7 rats
87 creatures vanquished.

Notes
Turn   | Place    | Note
-------+----------+-------------------------------------------
     0 | D:1      | riteheju the Minotaur Fighter began the quest for the Orb.
     0 | D:1      | Reached XP level 1. HP: 19/19 MP: 0/0
    80 | D:1      | Reached XP level 2. HP: 27/27 MP: 1/1
   276 | D:1      | Reached XP level 3. HP: 33/33 MP: 2/2
   586 | D:2      | Noticed Robin
   603 | D:2      | Killed Robin
   603 | D:2      | Reached XP level 4. HP: 39/40 MP: 3/3
  1002 | D:2      | Noticed Terence
  1018 | D:2      | Killed Terence
  1018 | D:2      | Reached XP level 5. HP: 46/46 MP: 4/4
  1817 | D:3      | Killed from afar by an orc priest

Vault maps used:
D:1:      nzn_arrival_water_spiral, minmay_statues_item,
          minmay_misc_feat_pillars, minivault_4, minmay_unequal
D:2:      minmay_misc_feat_more_columns, uniq_robin, uniq_terence

Skill      XL: |  1  2  3  4 |
---------------+-------------+-----
Armour         | 4 |  4.8
Long Blades    | 3 4 |  4.8
Shields        | 4 |  4.6
Fighting       | 4 |  4.4
Dodging        | |  0.8

Action                   |  1- 3 |  4- 6 || total
-------------------------+-------+-------++-------
Melee: Long sword        |    89 |   122 ||   211
       Headbutt          |    12 |    14 ||    26
  Eat: Chunk             |       |     3 ||     3
Armor: Scale mail        |    39 |    49 ||    88
Dodge: Dodged            |    28 |    37 ||    65
Block: Shield            |    43 |    50 ||    93
       Rpst.: Long sword |     8 |    11 ||    19

Table legend:
 A = Spawn XP
 B = Non-spawn XP
 C = Spawn XP percentage of total XP
 D = Spawn monster count
 E = Non-spawn monster count
 F = Spawn count percentage of total count
 G = Total turns spent on level
                    A         B        C        D         E        F      G
               +---------+---------+-------+---------+---------+-------+---------
         Total |       0 |     293 |   0.0 |       0 |      87 |   0.0 |  1817
               +---------+---------+-------+---------+---------+-------+---------
           D:1 |       0 |      62 |   0.0 |       0 |      27 |   0.0 |   569
           D:2 |       0 |     171 |   0.0 |       0 |      39 |   0.0 |   899
           D:3 |       0 |      60 |   0.0 |       0 |      21 |   0.0 |   349
               +---------+---------+-------+---------+---------+-------+---------
